| TOP OF THE 1ST |
|
Bristol Pirates batting - Pitching for Johnson City Cardinals : LHP Matt Rossiter
|
|
Pitching: LHP Matt Rossiter
|
|
|
Batting: RHB Alex Arzate
|
0-0: Foul Ball, location: 2F 0-1: Fly out, F7 (Line Drive, 7LM, EV 95.0 MPH)
|
|
Batting: RHB Chris Arroyo
|
0-0: Called Strike 0-1: Swinging Strike 0-2: Ball 1-2: Foul Ball, location: 2F 1-2: Foul Ball, location: 2F 1-2: Fly out, F6 (Popup, 6M, EV 51.9 MPH)
|
|
Batting: LHB Josh Aerni
|
0-0: Called Strike 0-1: Foul Ball, location: 2F 0-2: Fly out, F9 (Flyball, 89D, EV 88.1 MPH)
|
| Top of the 1st over - 0 runs, 0 hits, 0 errors, 0 left on base; Bristol 0 - Johnson City 0 |
| BOTTOM OF THE 1ST |
|
Johnson City Cardinals batting - Pitching for Bristol Pirates : RHP Jason Kaufman
|
|
Pitching: RHP Jason Kaufman
|
|
|
Batting: RHB Juan Carrillo
|
0-0: Ground out 5-3 (Groundball, 56, EV 81.2 MPH)
|
|
Batting: RHB Kyle Burns
|
0-0: Foul Ball, location: 2F 0-1: Ball 1-1: Ball 2-1: SOLO HOME RUN (Flyball, 78XD, EV 109.4 MPH), Distance : 424 ft
|
|
Batting: RHB McGwire Jones
|
0-0: Ball 1-0: Foul Ball, location: 2F 1-1: Foul Ball, location: 2F 1-2: Ball 2-2: Foul Ball, location: 2F 2-2: Foul Ball, location: 2F 2-2: Strikes out swinging
|
|
Batting: LHB Ignacio Ocampo
|
0-0: Ball 1-0: SINGLE (Flyball, 8RS, EV 95.0 MPH)
|
|
Batting: SHB Justin Towry
|
0-0: Ball 1-0: Called Strike 1-1: Foul Ball, location: 2F 1-2: Ball 2-2: SINGLE (Line Drive, 78S, EV 105.6 MPH) Ignacio Ocampo to second Ignacio Ocampo to third
|
|
Batting: RHB Jonathan Winkler
|
0-0: Ball 1-0: Ball 2-0: Foul Ball, location: 2F 2-1: Swinging Strike 2-2: Strikes out looking
|
| Bottom of the 1st over - 1 run, 3 hits, 0 errors, 2 left on base; Bristol 0 - Johnson City 1 |
| TOP OF THE 2ND |
|
Bristol Pirates batting - Pitching for Johnson City Cardinals : LHP Matt Rossiter
|
|
Batting: RHB Ricky Alvarado
|
0-0: Called Strike 0-1: Foul Ball, location: 2F 0-2: Ball 1-2: SINGLE (Line Drive, 89S, EV 101.9 MPH)
|
|
Batting: RHB Rusty Trader
|
0-0: Ball 1-0: Foul Ball, location: 2F 1-1: Ball 2-1: Grounds into double play, 5-4-3 (Groundball, 56S, EV 85.6 MPH)
|
|
Batting: SHB Ronnie Brooks
|
0-0: Ball 1-0: Ball 2-0: Fly out, F8 (Flyball, 8RD, EV 91.9 MPH)
|
| Top of the 2nd over - 0 runs, 1 hit, 0 errors, 0 left on base; Bristol 0 - Johnson City 1 |
| BOTTOM OF THE 2ND |
|
Johnson City Cardinals batting - Pitching for Bristol Pirates : RHP Jason Kaufman
|
|
Batting: RHB Johnny Lowe
|
0-0: Ball 1-0: Ground out 6-3 (Groundball, 6MS, EV 70.0 MPH)
|
|
Batting: RHB Pablo Nunez
|
0-0: Fly out, F7 (Flyball, 7, EV 84.4 MPH)
|
|
Batting: RHB Geoff Musico
|
0-0: Ball 1-0: Swinging Strike 1-1: Swinging Strike 1-2: Strikes out swinging
|
| Bottom of the 2nd over - 0 runs, 0 hits, 0 errors, 0 left on base; Bristol 0 - Johnson City 1 |
| TOP OF THE 3RD |
|
Bristol Pirates batting - Pitching for Johnson City Cardinals : LHP Matt Rossiter
|
|
Batting: LHB Kazuyoshi Ikeda
|
0-0: Foul Ball, location: 2F 0-1: Called Strike 0-2: Foul Ball, location: 2F 0-2: Ball 1-2: Ball 2-2: Foul Ball, location: 2F 2-2: Strikes out swinging
|
|
Batting: RHB Hidesuke Yoshida
|
0-0: Ball 1-0: Foul Ball, location: 2F 1-1: Ground out 4-3 (Groundball, 4, EV 86.2 MPH)
|
|
Batting: RHB Hugo Montemayor
|
0-0: Foul Ball, location: 2F 0-1: Ball 1-1: Ground out 6-3 (Groundball, 6, EV 86.9 MPH)
|
| Top of the 3rd over - 0 runs, 0 hits, 0 errors, 0 left on base; Bristol 0 - Johnson City 1 |
| BOTTOM OF THE 3RD |
|
Johnson City Cardinals batting - Pitching for Bristol Pirates : RHP Jason Kaufman
|
|
Batting: RHB Juan Carrillo
|
0-0: TRIPLE (Flyball, 89XD, EV 106.2 MPH)
|
|
Batting: RHB Kyle Burns
|
0-0: Foul Ball, location: 2F 0-1: Ground out 6-3 (Groundball, 6, EV 82.5 MPH) Juan Carrillo scores
|
|
Batting: RHB McGwire Jones
|
0-0: Called Strike 0-1: Ball 1-1: Foul Ball, location: 2F 1-2: Fly out, F5 (Popup, 5S, EV 76.9 MPH)
|
|
Batting: LHB Ignacio Ocampo
|
0-0: Ball 1-0: Ball 2-0: Ball 3-0: Called Strike 3-1: Foul Ball, location: 2F 3-2: Strikes out swinging
|
| Bottom of the 3rd over - 1 run, 1 hit, 0 errors, 0 left on base; Bristol 0 - Johnson City 2 |
| TOP OF THE 4TH |
|
Bristol Pirates batting - Pitching for Johnson City Cardinals : LHP Matt Rossiter
|
|
Batting: RHB Alex Arzate
|
0-0: Ball 1-0: Ground out 5-3 (Groundball, 5L, EV 102.5 MPH)
|
|
Batting: RHB Chris Arroyo
|
0-0: Ball 1-0: Ground out 6-3 (Groundball, 6, EV 86.9 MPH)
|
|
Batting: LHB Josh Aerni
|
0-0: Ball 1-0: Foul Ball, location: 2F 1-1: Ball 2-1: Called Strike 2-2: Ball 3-2: SINGLE (Line Drive, 9S, EV 99.4 MPH)
|
|
Batting: RHB Ricky Alvarado
|
0-0: Called Strike 0-1: Ball 1-1: Called Strike 1-2: Strikes out looking
|
| Top of the 4th over - 0 runs, 1 hit, 0 errors, 1 left on base; Bristol 0 - Johnson City 2 |
| BOTTOM OF THE 4TH |
|
Johnson City Cardinals batting - Pitching for Bristol Pirates : RHP Jason Kaufman
|
|
Batting: SHB Justin Towry
|
0-0: Called Strike 0-1: Fly out, F9 (Flyball, 9D, EV 107.5 MPH)
|
|
Batting: RHB Jonathan Winkler
|
0-0: Swinging Strike 0-1: Fly out, F4 (Popup, 4M, EV 71.9 MPH)
|
|
Batting: RHB Johnny Lowe
|
0-0: Ball 1-0: Swinging Strike 1-1: Foul Ball, location: 2F 1-2: Ball 2-2: Foul Ball, location: 2F 2-2: Foul Ball, location: 2F 2-2: Ball 3-2: Foul Ball, location: 2F 3-2: Foul Ball, location: 2F 3-2: SOLO HOME RUN (Flyball, 89XD, EV 113.8 MPH), Distance : 432 ft
|
|
Batting: RHB Pablo Nunez
|
0-0: SINGLE (Line Drive, 7S, EV 103.8 MPH)
|
|
Batting: RHB Geoff Musico
|
0-0: Ball 1-0: Fielders Choice at 2nd, U4 (Groundball, 4M, EV 98.8 MPH)
|
| Bottom of the 4th over - 1 run, 2 hits, 0 errors, 1 left on base; Bristol 0 - Johnson City 3 |
| TOP OF THE 5TH |
|
Bristol Pirates batting - Pitching for Johnson City Cardinals : LHP Matt Rossiter
|
|
Batting: RHB Rusty Trader
|
0-0: Called Strike 0-1: Called Strike 0-2: Strikes out looking
|
|
Batting: SHB Ronnie Brooks
|
0-0: Foul Ball, location: 2F 0-1: Ground out 2-3 (Groundball, 15S, EV 61.9 MPH)
|
|
Batting: LHB Kazuyoshi Ikeda
|
0-0: Ball 1-0: Foul Ball, location: 2F 1-1: Ball 2-1: SINGLE (Groundball, 4M, EV 109.4 MPH) (infield hit)
|
|
Batting: RHB Hidesuke Yoshida
|
0-0: Foul Ball, location: 2F 0-1: Foul Ball, location: 2F 0-2: Strikes out looking
|
| Top of the 5th over - 0 runs, 1 hit, 0 errors, 1 left on base; Bristol 0 - Johnson City 3 |
| BOTTOM OF THE 5TH |
|
Johnson City Cardinals batting - Pitching for Bristol Pirates : RHP Jason Kaufman
|
|
Batting: RHB Juan Carrillo
|
0-0: Called Strike 0-1: Ball 1-1: Fly out, F8 (Flyball, 8RM, EV 88.1 MPH)
|
|
Batting: RHB Kyle Burns
|
0-0: Called Strike 0-1: Foul Ball, location: 2F 0-2: Foul Ball, location: 2F 0-2: Foul Ball, location: 2F 0-2: Ball 1-2: Ball 2-2: Ball 3-2: Fly out, F9 (Flyball, 89M, EV 88.1 MPH)
|
|
Batting: RHB McGwire Jones
|
0-0: Ball 1-0: Ball 2-0: Fly out, F8 (Flyball, 78M, EV 90.6 MPH)
|
| Bottom of the 5th over - 0 runs, 0 hits, 0 errors, 0 left on base; Bristol 0 - Johnson City 3 |
| TOP OF THE 6TH |
|
Bristol Pirates batting - Pitching for Johnson City Cardinals : LHP Matt Rossiter
|
|
Batting: RHB Hugo Montemayor
|
0-0: Foul Ball, location: 2F 0-1: Ball 1-1: Foul Ball, location: 2F 1-2: Ball 2-2: Foul Ball, location: 2F 2-2: DOUBLE (Line Drive, 78D, EV 106.9 MPH)
|
|
Batting: RHB Alex Arzate
|
0-0: Ball 1-0: Ball 2-0: Fly out, F5 (Flyball, 5D, EV 88.8 MPH)
|
|
Batting: RHB Chris Arroyo
|
0-0: Called Strike 0-1: Ball 1-1: Called Strike 1-2: Foul Ball, location: 2F 1-2: Foul Ball, location: 2F 1-2: Foul Ball, location: 2F 1-2: 2-RUN HOME RUN (Flyball, 78XD, EV 107.5 MPH), Distance : 424 ft
|
|
Batting: LHB Josh Aerni
|
0-0: Ball 1-0: Called Strike 1-1: Ball 2-1: Called Strike 2-2: Ball 3-2: Base on Balls
|
|
Batting: RHB Ricky Alvarado
|
0-0: Called Strike Pickoff Throw to First - Out! 1-3 0-1: Ball 1-1: Ground out 2-3 (Groundball, 2L, EV 68.8 MPH)
|
| Top of the 6th over - 2 runs, 2 hits, 0 errors, 0 left on base; Bristol 2 - Johnson City 3 |
| BOTTOM OF THE 6TH |
|
Johnson City Cardinals batting - Pitching for Bristol Pirates : RHP Jason Kaufman
|
|
Batting: LHB Ignacio Ocampo
|
0-0: Foul Ball, location: 2F 0-1: Ball 1-1: SINGLE (Line Drive, 89S, EV 103.1 MPH)
|
|
Batting: SHB Justin Towry
|
0-0: Ball Ignacio Ocampo steals 2nd base 1-0: Ball 2-0: Called Strike 2-1: Ball 3-1: Foul Ball, location: 2F 3-2: Base on Balls
|
|
Batting: RHB Jonathan Winkler
|
0-0: Called Strike 0-1: 3-RUN HOME RUN (Flyball, 78XD, EV 102.5 MPH), Distance : 418 ft
|
|
Pitching: RHP Francisco Santos
|
|
|
Batting: RHB Johnny Lowe
|
0-0: Swinging Strike 0-1: Ball 1-1: Ball 2-1: Ball 3-1: Base on Balls
|
|
Batting: RHB Pablo Nunez
|
0-0: Ball 1-0: Called Strike Johnny Lowe is caught stealing 2nd base 2-4 1-1: Fly out, F8 (Flyball, 8RXD, EV 87.5 MPH)
|
|
Batting: RHB Geoff Musico
|
0-0: Ball 1-0: Called Strike 1-1: Fly out, F8 (Flyball, 89M, EV 90.6 MPH)
|
| Bottom of the 6th over - 3 runs, 2 hits, 0 errors, 0 left on base; Bristol 2 - Johnson City 6 |
| TOP OF THE 7TH |
|
Bristol Pirates batting - Pitching for Johnson City Cardinals : LHP Matt Rossiter
|
|
Batting: RHB Rusty Trader
|
0-0: Called Strike 0-1: Called Strike 0-2: Ground out 5-3 (Groundball, 56, EV 88.8 MPH)
|
|
Batting: SHB Ronnie Brooks
|
0-0: Called Strike 0-1: SINGLE (Groundball, 6MD, EV 105.0 MPH) (infield hit)
|
|
Batting: LHB Kazuyoshi Ikeda
|
0-0: Fielders Choice at 2nd, U6 (Groundball, 4MD, EV 86.2 MPH)
|
|
Batting: RHB Hidesuke Yoshida
|
0-0: Swinging Strike 0-1: Fly out, F3 (Popup, 3F, EV 60.0 MPH)
|
| Top of the 7th over - 0 runs, 1 hit, 0 errors, 1 left on base; Bristol 2 - Johnson City 6 |
| BOTTOM OF THE 7TH |
|
Johnson City Cardinals batting - Pitching for Bristol Pirates : RHP Francisco Santos
|
|
Batting: RHB Juan Carrillo
|
0-0: Ball 1-0: Ball 2-0: Ball 3-0: SINGLE (Line Drive, 6MD, EV 104.4 MPH)
|
|
Batting: RHB Kyle Burns
|
0-0: Ball Juan Carrillo is caught stealing 2nd base 2-4 1-0: Swinging Strike 1-1: Called Strike 1-2: Strikes out looking
|
|
Batting: RHB McGwire Jones
|
0-0: Ball 1-0: SOLO HOME RUN (Flyball, 78XD, EV 115.6 MPH), Distance : 445 ft
|
|
Batting: LHB Ignacio Ocampo
|
0-0: Called Strike 0-1: Foul Ball, location: 2F 0-2: Foul Ball, location: 2F 0-2: Ball 1-2: Strikes out swinging
|
| Bottom of the 7th over - 1 run, 2 hits, 0 errors, 0 left on base; Bristol 2 - Johnson City 7 |
| TOP OF THE 8TH |
|
Bristol Pirates batting - Pitching for Johnson City Cardinals : LHP Matt Rossiter
|
|
Pitching: RHP Tony Bonilla
|
|
|
Pinch Hitting: LHB Dustin Herman
|
0-0: Called Strike 0-1: Fly out, F8 (Flyball, 78M, EV 83.8 MPH)
|
|
Batting: RHB Alex Arzate
|
0-0: Ground out 5-3 (Groundball, 56, EV 103.8 MPH)
|
|
Batting: RHB Chris Arroyo
|
0-0: Foul Ball, location: 2F 0-1: Called Strike 0-2: Ball 1-2: Reached on error, E5 (Groundball, 56, EV 102.5 MPH)
|
|
Batting: LHB Josh Aerni
|
0-0: Called Strike 0-1: Ball 1-1: TRIPLE (Flyball, 89XD, EV 99.4 MPH) Chris Arroyo scores
|
|
Batting: RHB Ricky Alvarado
|
0-0: Ball Wild Pitch! Josh Aerni scores 1-0: Foul Ball, location: 2F 1-1: Swinging Strike 1-2: Foul Ball, location: 2F 1-2: Ball 2-2: Ground out 6-3 (Groundball, 6, EV 104.4 MPH)
|
| Top of the 8th over - 2 runs, 1 hit, 1 error, 0 left on base; Bristol 4 - Johnson City 7 |
| BOTTOM OF THE 8TH |
|
Johnson City Cardinals batting - Pitching for Bristol Pirates : RHP Francisco Santos
|
|
Now at 2B: Rusty Trader
|
|
|
Now in RF: Dustin Herman
|
|
|
Batting: SHB Justin Towry
|
0-0: Foul Ball, location: 2F 0-1: Swinging Strike 0-2: Foul Ball, location: 2F 0-2: Strikes out swinging
|
|
Batting: RHB Jonathan Winkler
|
0-0: Ball 1-0: Foul Ball, location: 2F 1-1: SINGLE (Groundball, 34S, EV 95.0 MPH)
|
|
Batting: RHB Johnny Lowe
|
0-0: Called Strike Jonathan Winkler is caught stealing 2nd base 2-4 0-1: Ball 1-1: Swinging Strike 1-2: Ball 2-2: Ground out 4-3 (Groundball, 4, EV 106.2 MPH)
|
| Bottom of the 8th over - 0 runs, 1 hit, 0 errors, 0 left on base; Bristol 4 - Johnson City 7 |
| TOP OF THE 9TH |
|
Bristol Pirates batting - Pitching for Johnson City Cardinals : RHP Tony Bonilla
|
|
Now in CF: Jonathan Winkler
|
|
|
Now in RF: Mike East
|
|
|
Batting: RHB Rusty Trader
|
0-0: Ball 1-0: Foul Ball, location: 2F 1-1: Ball 2-1: Ball 3-1: Foul Ball, location: 2F 3-2: Foul Ball, location: 2F 3-2: Base on Balls
|
|
Batting: SHB Ronnie Brooks
|
0-0: Called Strike 0-1: Ball 1-1: Ball 2-1: Ball 3-1: Fielders Choice at 2nd, 3-6 (Groundball, 3S, EV 85.6 MPH)
|
|
Batting: LHB Kazuyoshi Ikeda
|
0-0: Ball 1-0: Called Strike 1-1: Called Strike 1-2: Foul Ball, location: 2F 1-2: Ball 2-2: Foul Ball, location: 2F 2-2: Ball 3-2: Fly out, F8 (Line Drive, 8LM, EV 95.0 MPH)
|
|
Pinch Hitting: RHB Hector Barajas
|
0-0: Foul Ball, location: 2F 0-1: Called Strike 0-2: Ball 1-2: Strikes out looking
|
| Top of the 9th over - 0 runs, 0 hits, 0 errors, 1 left on base; Bristol 4 - Johnson City 7 |
|